 Dungeon Crawl Stone Soup version 0.18-a0-1542-g9c1a92e (console) character file.

93 Liam the Conjurer (level 4, 0/24 HPs)
             Began as a Deep Elf Conjurer on Mar 10, 2016.
             Slain by a gnoll
             ... wielding a +0 club
              (7 damage)
             ... on level 2 of the Dungeon.
             The game lasted 00:03:03 (1595 turns).

Liam the Conjurer (Deep Elf Conjurer)               Turns: 1595, Time: 00:03:03

Health: 0/24       AC:  2    Str:  5    XL:     4   Next: 36%
Magic:  3/12       EV:  7    Int: 21    God:
Gold:   19         SH:  0    Dex: 15    Spells: 1 memorised, 11 levels left

rFire  . . .     SeeInvis .     (no weapon)
rCold  . . .     Gourm    .     a - +0 robe
rNeg   . . .     Faith    .     (no shield)
rPois  .         Spirit   .     (no helmet)
rElec  .         Dismiss  .     (no cloak)
rCorr  .         Reflect  .     (no gloves)
SustAt .         Harm     .     (no boots)
MR     .....                    (no amulet)
Stlth  ++........               (no ring)
                                (no ring)

@: held, not resistant to hostile enchantments, unstealthy
A: no striking features
a: no special abilities


You were on level 2 of the Dungeon.
You were not hungry.

You visited 1 branch of the dungeon, and saw 2 of its levels.

You collected 19 gold pieces.

Inventory:

Armour
 a - a +0 robe (worn)
Scrolls
 d - a scroll of identify {unknown}
 e - 2 scrolls of remove curse {unknown}
 g - a scroll of fear {unknown}
 i - a scroll of immolation {unknown}
 k - a scroll of noise {unknown}
Potions
 f - a potion of degeneration {unknown}
 l - a potion of resistance {unknown}
Books
 b - a book of Conjurations

   Spells                             Type                      Level
   a - Magic Dart                     Conjuration                  1
   b - Searing Ray                    Conjuration                  2
   c - Dazzling Spray                 Conjuration/Hexes            3
   d - Fulminant Prism                Conjuration/Hexes            4
   e - Iskenderun's Mystic Blast      Conjuration                  4
   f - Iskenderun's Battlesphere      Conjuration/Charms           5
Comestibles
 c - a bread ration
 h - a meat ration
 j - 3 fruits


   Skills:
 - Level 2.4 Dodging
 - Level 2.4 Stealth
 + Level 4.8 Spellcasting
 + Level 5.5 Conjurations


You had 11 spell levels left.
You knew the following spells:

 Your Spells              Type           Power        Failure   Level  Hunger
a - Magic Dart            Conj           ####         1%          1    None


Dungeon Overview and Level Annotations

Branches:
Dungeon (2/15)

Altars:


Message History

Aim: a gnoll, wielding a club (heavily wounded)
The magic dart hits the gnoll.
The gnoll is almost dead.
The gnoll hits you with a club! The gnoll completely misses you.
Casting: Magic Dart
Confirm with . or Enter, or press ? or * to list all spells.
Aiming: Magic Dart
Press: ? - help, Shift-Dir - straight line, f/p - gnoll
Aim: a gnoll, wielding a club (severely wounded)
The magic dart hits the gnoll.
The gnoll is severely wounded.
The gnoll barely misses you.
The gnoll hits you from afar with a spear.
* * * LOW HITPOINT WARNING * * *
The gnoll barely misses you.
The gnoll throws a throwing net.
The throwing net hits you.
You become entangled in the net!
The gnoll closely misses you.
You see here a throwing net.
You try to slip out of the net.
The gnoll hits you with a club!
You die...

...........# .
..##...##### #
##....#..##
####...#.....#
.............#
####.#.......##
##....##....#
#..#.#......#
###@....######
#.g.g..##
#..#.####
....#.g#
........#
.........
.......).
..........
..........


You could see 3 gnolls.

Vanquished Creatures
  A worker ant (D:1)
  2 gnolls
  2 oozes (D:1)
  2 dart slugs (D:1)
  A giant gecko (D:1)
  A giant cockroach (D:1)
  4 goblins
  6 hobgoblins
  3 jackals (D:2)
  2 kobolds (D:1)
  5 bats (D:1)
  A giant newt (D:1)
  7 rats
37 creatures vanquished.

Notes
Turn   | Place    | Note
--------------------------------------------------------------
     0 | D:1      | Liam the Deep Elf Conjurer began the quest for the Orb.
     0 | D:1      | Reached XP level 1. HP: 10/10 MP: 6/6
   319 | D:1      | Reached XP level 2. HP: 15/15 MP: 2/8
   529 | D:1      | Reached skill level 5 in Conjurations
   557 | D:1      | Reached XP level 3. HP: 19/19 MP: 7/10
  1311 | D:1      | Reached XP level 4. HP: 24/24 MP: 5/12
  1595 | D:2      | Slain by a gnoll

Vault maps used:
D:1:      erik_arrival_gehennom
D:2:      amethyst_overflow_temple_binary, grunt_decor_clamped

Skill      XL: |  1  2 |
---------------+-------+-----
Spellcasting   | 4 |  4.8
Conjurations   | 5 |  5.5
Dodging        | |  2.4
Stealth        | |  2.4

Action                   |  1- 3 |  4- 6 || total
-------------------------+-------+-------++-------
Melee: Unarmed           |     7 |       ||     7
 Cast: Magic Dart        |    62 |    25 ||    87
  Eat: Chunk             |       |     2 ||     2
